[Event "Superbet Blitz Poland 2022"]
[Site "Warsaw"]
[Date "2022.05.23"]
[Round "14.2"]
[White "Shevchenko, Kirill"]
[Black "So, Wesley"]
[Result "1/2-1/2"]
[ECO "C78"]
[WhiteElo "2644"]
[BlackElo "2766"]
[Annotator "TA"]
[PlyCount "174"]
[EventDate "2022.05.22"]
[EventType "tourn"]
[EventCountry "POL"]
[SourceTitle "playchess.com"]
[Source "ChessBase"]
[SourceQuality "1"]
[TimeControl "300+2"]

1. e4 e5 2. Nf3 Nc6 3. Bb5 a6 4. Ba4 Nf6 5. Nc3 Bc5 6. O-O b5 7. Bb3 O-O 8. d3 h6 {[%emt 0:00:01] C78: Ruy Lopez: Archangelsk and Möller Defences.} 9. a4 b4 10. Nd5 d6 {[%emt 0:00:02] The position is equal.} 11. Be3 Rb8 {[%emt 0:00:42] [#]} 12. a5 $146 (12. Bxc5 $14 dxc5 13. Ne3) ({Predecessor:} 12. h3 Be6 13. a5 Bxe3 14. fxe3 Nd7 15. d4 Na7 16. Qe1 c5 17. dxe5 Nxe5 18. Nxe5 dxe5 {1-0 (61) Safarli,E (2601)-Tari,A (2634) Moscow 2019}) 12... Bxe3 13. fxe3 {[%emt 0:00:04] Strongly threatening Nxf6+.} Nxd5 14. Bxd5 Ne7 (14... Nxa5 $5 15. Bxf7+ (15. Rxa5 c6 $11) 15... Rxf7 16. Rxa5 c6 $11) 15. Bc4 c6 16. Qe1 d5 17. Bb3 f6 18. exd5 (18. d4 $1 $14) 18... cxd5 $11 19. e4 Kh8 20. exd5 Bb7 21. d4 (21. Qxb4 Bxd5 22. Qc3 Bxb3 23. cxb3 Nd5 $17) 21... exd4 (21... Bxd5 $14 22. dxe5 Bxf3) 22. Nxd4 {[%emt 0:00:54] Black must now prevent Ne6.} Bxd5 23. Rd1 ({Better is} 23. Ne6 $16 Bxe6 24. Qxe6) 23... Bxb3 24. Ne6 (24. Nxb3 $6 Qc7 $11) 24... Qxd1 25. Qxd1 Bxe6 26. Qd6 (26. Qe1 $16 {and life is bright.} Bf5 27. Qxe7 Bxc2 28. Re1) 26... Bc4 $17 27. Rf4 {[%emt 0:00:01] [#]} Rbd8 $2 (27... Nf5 $1 $15 28. Qd7 (28. Rxf5 Rfd8 $17) 28... Ne3) 28. Qxe7 $18 Rfe8 29. Qc5 (29. Qxb4 $18 Rd1+ 30. Kf2) 29... Rd1+ $11 30. Kf2 Bb5 {[%emt 0:00:00] Black is now going downhill.} (30... Rd2+ $1 $11 31. Kg3 Bg8) 31. Kg3 ({Inferior is} 31. Qxb4 Re2+ 32. Kg3 Rdd2 33. Qf8+ Kh7 $17) (31. Rxb4 $142 Rd2+ 32. Kf3 (32. Kg3 Bf1 $16) 32... Be2+ 33. Kg3) 31... Rd2 (31... Re5 $16 {was worth a try.} 32. Qxb4 Re3+ 33. Rf3 Re2) 32. Rf2 (32. Rxb4 $18 Bf1 {[#]} 33. Re4 $1 Rxg2+ 34. Kf3) 32... Rxf2 $4 (32... Be2 $16) 33. Kxf2 $16 {[%emt 0:00:05][%mdl 4096] Endgame KQ-KRB} Re5 34. Qc8+ (34. Qf8+ $142 Kh7 35. Qxb4) 34... Kh7 35. c4 bxc3 36. bxc3 ({Much less strong is} 36. Qxc3 $6 h5 $16) 36... Re2+ 37. Kf3 {[%emt 0:00:02] aiming for Qf5+.} Re5 {[%emt 0:00:00] Prevents Qf5+.} (37... Re1 {was necessary.} 38. c4 Rc1) 38. c4 $18 Ba4 39. Qxa6 {[%emt 0:00:00] Qb6 is the strong threat.} Bd1+ 40. Kf2 Be2 41. Qc6 Bxc4 42. Qxc4 Rxa5 {[%emt 0:00:01] KQ-KR} 43. Qe4+ Kh8 44. Kg3 Re5 45. Qd3 Kg8 46. Kf4 Kh8 47. h4 Kg8 48. g4 Kh8 49. Qd8+ Kh7 50. Qc8 Rd5 51. Qc2+ Kh8 52. Qc4 Re5 53. Qc8+ Kh7 54. Qd8 Rc5 55. Qd3+ Kh8 56. Qg6 Kg8 57. Ke4 Re5+ 58. Kd4 Ra5 59. Qe8+ Kh7 60. Qe4+ Kh8 61. Qe6 Kh7 62. Kc4 Re5 63. Qd7 Kh8 64. Qd8+ Kh7 65. Qd3+ Kh8 66. Kb4 Kg8 67. Qd8+ Kh7 68. Qa8 h5 69. gxh5 Rxh5 70. Qe4+ Kh6 71. Qf4+ Kg6 72. Qg4+ Kh6 73. Kc4 Re5 74. Kd4 Kh7 75. h5 {[%emt 0:00:01] Hoping for Qg6+.} Rg5 76. Qf3 Kh6 77. Qa8 Rxh5 78. Qh8+ Kg6 79. Qe8+ Kh6 80. Qf7 Re5 81. Qg8 Rh5 82. Ke4 Re5+ 83. Kf4 Kg6 (83... g5+ $142 84. Kf3 Rf5+ 85. Kg3 Rf4) 84. Qh8 Rg5 (84... Rf5+ {keeps fighting.} 85. Ke3 Rh5 86. Qe8+ Kh6) 85. Qe8+ Kh7 86. Qc8 Re5 87. Qa8 Rg5 {[%emt 0:00:01][%mdl 32768] Weighted Error Value: White=0.55/Black=0.63. An unexpected result.} 1/2-1/2

[Event "Superbet Blitz Poland 2022"]
[Site "Warsaw"]
[Date "2022.05.23"]
[Round "14.3"]
[White "Gavrilescu, David"]
[Black "Caruana, Fabiano"]
[Result "0-1"]
[ECO "B30"]
[WhiteElo "2518"]
[BlackElo "2786"]
[Annotator "TA"]
[PlyCount "138"]
[EventDate "2022.05.22"]
[EventType "tourn"]
[EventCountry "POL"]
[SourceTitle "playchess.com"]
[Source "ChessBase"]
[SourceQuality "1"]
[TimeControl "300+2"]

1. e4 c5 2. Nf3 Nc6 3. Bb5 e6 4. O-O Nge7 5. Re1 b6 6. c3 {[%emt 0:00:34] B30: Sicilian: 2...Nc6 3 Bb5, lines without ...g6.} a6 7. Bf1 d5 8. exd5 {[%emt 0:00:02] The position is equal.} Nxd5 9. d4 cxd4 10. Nxd4 Bb7 11. Nxc6 (11. Rxe6+ {is more complex.} fxe6 12. Nxe6 Qd7 13. Qxd5 Qxd5 14. Nc7+) 11... Bxc6 12. Nd2 Be7 {[%emt 0:00:21] [#]} 13. Ne4 $146 ({Predecessor:} 13. Nc4 O-O 14. Ne5 Bb7 15. c4 Nf6 16. Qxd8 Rfxd8 17. Be3 Bc5 18. Bxc5 bxc5 19. Rad1 Kf8 {½-½ (19) Erdos,V (2619)-Deac,B (2643) Mamaia 2021}) 13... O-O 14. Qh5 h6 15. Ng3 Bg5 16. Bxg5 Qxg5 17. Rad1 (17. Qxg5 $14 hxg5 18. Ne4) 17... Qxh5 $11 18. Nxh5 Rfd8 19. Rd4 b5 20. Red1 Rab8 21. Nf4 Rdc8 22. Nxd5 Bxd5 23. a3 g5 24. g3 Kg7 25. h4 a5 26. Bg2 Bc4 27. R1d2 Kf6 28. Bf3 Bb3 29. Kg2 Rc7 30. hxg5+ hxg5 31. Rd7 Rbc8 32. Rxc7 Rxc7 {[%mdl 4096] Endgame KRB-KRB} 33. Rd6 Rc5 34. Ra6 a4 35. Rc6 {[%emt 0:00:01] [#]} (35. Kf1 $11 {remains equal.}) 35... Re5 (35... Rd5 $1 $17 {[%cal Rd5d2] White must now prevent ...Rd2.} 36. Rb6 Rd2 37. Rxb5 Rxb2) 36. Rd6 Re1 37. Rd4 Rb1 (37... e5 $5 38. Rd6+ Ke7 $11) 38. Rb4 $2 (38. Rd2 $11 {and White is okay.}) 38... Bc4 $2 (38... Rxb2 $19 {Threatens to win with ...Ra2.} 39. Be4 (39. Rxb5 $2 Ra2 $19) 39... Ra2 40. Rxb5 Rxa3) 39. Bc6 g4 40. f3 gxf3+ 41. Kxf3 Rg1 42. Bxb5 Bd5+ 43. Ke3 Rxg3+ 44. Kd4 Ba2 $2 ({Black should try} 44... Bb3 $11) 45. Bxa4 $16 e5+ (45... Bd5 $142 46. Bb5 Rg8) 46. Kc5 $18 Be6 $2 (46... Rg8 47. Bc6 Rc8) 47. Bc6 Rg5 48. Kd6 Rg1 49. a4 Rd1+ 50. Kc7 Ra1 51. Kb6 Ke7 52. a5 Bc8 53. Rb5 Kd6 54. Bb7 Bxb7 55. Kxb7 {[%emt 0:00:01] KR-KR} e4 56. a6 $4 (56. c4 $18 e3 57. Rd5+ Ke6 58. Rd3) 56... e3 $19 {[%emt 0:00:01] Strongly threatening ...e2.} 57. Rb4 f5 $2 (57... Ke5 $19 {...e2 is the strong threat.} 58. Rb5+ Kd6 59. Rb6+ Ke7) 58. Rd4+ $1 $11 Ke7 $2 {[%emt 0:00:04][%mdl 8192] [#]} (58... Ke6 $11 59. Rd3 f4) 59. Rd5 $2 ({Only move:} 59. Rd3 $1 $18 ) 59... Kf6 {[%emt 0:00:03] ( -> ...e2)} 60. Rd8 $2 {[%emt 0:00:02][%mdl 8192] [#]} (60. Rd6+ $11 Kf7 61. Rd7+ Kf6 62. Rd6+ Ke5 63. Rd8) 60... e2 $1 {[%emt 0:00:02] Black mates.} (60... Ke7 $2 61. Rd3 f4 62. Rd4 $18) 61. Re8 e1=Q 62. Rxe1 Rxe1 {[%emt 0:00:01] KR-K3P} 63. a7 Re7+ 64. Ka6 Re8 65. b4 f4 66. b5 f3 67. b6 f2 68. b7 f1=Q+ 69. Kb6 Qf2+ {[%emt 0:00:03] Black used his chance.  Weighted Error Value: White=0.52/Black=0.45} 0-1

[Event "Superbet Blitz Poland 2022"]
[Site "Warsaw"]
[Date "2022.05.23"]
[Round "14.4"]
[White "Korobov, Anton"]
[Black "Rapport, Richard"]
[Result "1-0"]
[ECO "A77"]
[WhiteElo "2671"]
[BlackElo "2776"]
[Annotator "TA"]
[PlyCount "101"]
[EventDate "2022.05.22"]
[EventType "tourn"]
[EventCountry "POL"]
[SourceTitle "playchess.com"]
[Source "ChessBase"]
[SourceQuality "1"]
[TimeControl "300+2"]

1. d4 e6 2. c4 c5 3. Nf3 Nf6 4. d5 d6 5. Nc3 exd5 6. cxd5 g6 7. Nd2 Nbd7 8. e4 Bg7 9. Be2 O-O 10. O-O Re8 11. h3 g5 {[%emt 0:00:11] A77: Modern Benoni: Classical: 9...Re8 10 Nd2: 10...a6 and 10...Nbd7.} 12. Nc4 Nxe4 13. Nxe4 {[%emt 0:00:02][%mdl 64] Remove Defender} Rxe4 {[%emt 0:00:02] White is slightly better.} 14. Nxd6 Rd4 15. Qc2 Ne5 {[%emt 0:00:16] [#]} 16. Qxc5 $146 {[%emt 0:00:45] White wants to play Be3.} ({Predecessor:} 16. Nf5 Bxf5 17. Qxf5 Rxd5 18. Bxg5 Qxg5 19. Qxg5 Nf3+ 20. Bxf3 Rxg5 21. Rad1 Bxb2 22. Rb1 {1-0 (61) Costachi,M (2471)-Gabrielian,A (2459) Chess.com INT 2021}) 16... b6 $1 17. Qxd4 ({Don't go for} 17. Bxg5 $2 Qxg5 $1 18. Qc3 (18. Qxd4 $2 Nf3+ 19. Bxf3 Bxd4 $19) 18... Bd7 $1 $19) 17... Nf3+ $1 18. Bxf3 Bxd4 19. Nb5 $132 {[%emt 0:00:02][%mdl 2048] White is fighting back} Be5 20. Re1 Qf6 21. Nc3 {[%emt 0:00:08][%cal Od5d6] Threatens to win with d6!} h6 {[%emt 0:00:18][%mdl 1024] Black has compensation.} 22. Bd2 {[%emt 0:00:38][%cal Od5d6] Strongly threatening d6!} Bb7 23. Re2 {[%emt 0:00:27] next Rae1 is good for White.} Ba6 24. Re3 Bf4 25. Ne4 Qg6 {[%emt 0:00:35] [#]} (25... Qxb2 $11 {keeps the balance.} 26. Bc3 Qa3 27. Nf6+ Kf8 28. Nd7+ Kg8 29. Nf6+ Kf8 30. Nd7+ Kg8 31. Nf6+) 26. Bc3 $1 Bxe3 $11 27. Nf6+ Kg7 $1 28. fxe3 Qxf6 $2 29. Rc1 $18 ({But not} 29. Bxf6+ $6 Kxf6 30. Kh2 Rc8 $14) 29... Rc8 $2 (29... Bb5 30. Bxf6+ Kxf6) 30. Bxf6+ Kxf6 31. Rc6+ (31. Rxc8 $18 Bxc8 32. Bg4) 31... Rxc6 $11 32. dxc6 {[%emt 0:00:01][%mdl 4096] Endgame KB-KB} Ke5 33. Kf2 Kd6 34. Kg3 {[%emt 0:00:04] And now Kg4 would win.} f5 (34... Bc8 $1 $14) 35. e4 $1 $16 Bc8 (35... f4+ $2 36. Kg4 $18) 36. exf5 Bxf5 {[%emt 0:00:01] [#]} 37. a3 ({Better is} 37. h4 $1) 37... a5 {[%emt 0:00:08] [#]} (37... Kc7 $142) 38. h4 $1 Be6 39. b4 $2 (39. hxg5 $16 hxg5 40. Bg4) 39... axb4 $11 40. axb4 b5 $2 (40... Bf5 $11) 41. hxg5 $18 {[%emt 0:00:05] White is clearly winning.} hxg5 42. Kf2 Bf5 43. Ke3 Ke5 44. c7 Kd6 45. Kd4 Kxc7 46. Kc5 g4 47. Bc6 g3 48. Kxb5 Kd6 49. Kb6 Ke5 50. Kc5 Kf4 51. b5 {[%emt 0:00:07] Weighted Error Value: White=0.29 (precise) /Black=0.39} 1-0

[Event "Superbet Blitz Poland 2022"]
[Site "Warsaw"]
[Date "2022.05.23"]
[Round "14.5"]
[White "Duda, Jan-Krzysztof"]
[Black "Wojtaszek, Radoslaw"]
[Result "1-0"]
[ECO "B26"]
[WhiteElo "2750"]
[BlackElo "2696"]
[Annotator "TA"]
[PlyCount "83"]
[EventDate "2022.05.22"]
[EventType "tourn"]
[EventCountry "POL"]
[SourceTitle "playchess.com"]
[Source "ChessBase"]
[SourceQuality "1"]
[TimeControl "300+2"]

1. e4 c5 2. Nc3 a6 3. d3 Nc6 4. g3 g6 5. Bg2 Bg7 6. Be3 d6 7. Qd2 Rb8 {[%emt 0:00:22] B26: Closed Sicilian: 3 g3, lines with early Be3.} 8. h3 $5 {[%emt 0:00:10][%mdl 4] Leaves trodden paths.} Nd4 9. Nd1 {[%emt 0:00:17] [#]} e5 $146 {[%emt 0:00:07] The position is equal.} ({Predecessor:} 9... b5 10. c3 Nc6 11. Ne2 Bb7 12. O-O e6 13. d4 c4 14. d5 exd5 15. exd5 Nce7 {½-½ (121) Bueno,A (2274)-Chrestani,G (1973) Lages 2008}) 10. c3 Nc6 11. f4 b6 12. Nf3 Nge7 13. O-O O-O 14. g4 (14. f5 $5) 14... f5 15. Nf2 Kh8 16. Rad1 exf4 17. Bxf4 Ne5 $1 18. d4 cxd4 19. cxd4 Nxf3+ 20. Bxf3 Nc6 $2 (20... fxg4 $11 21. Bxg4 (21. Nxg4 h5 $15) 21... Nc6) 21. exf5 $16 Nxd4 22. Bg2 (22. Qe3 $1 $16 Nc2 23. Qd2) 22... gxf5 23. Be3 $1 Ne6 {[%emt 0:00:14] Hoping for ...f4.} 24. gxf5 (24. Qxd6 $6 Qxd6 25. Rxd6 f4 26. Bxb6 f3 $11) 24... Rxf5 25. Ng4 $1 (25. Qxd6 $6 Qxd6 26. Rxd6 Bxb2 $11) 25... Rxf1+ 26. Rxf1 Bb7 27. Nh6 $1 {[%emt 0:00:08] White is more active.} Qh4 $2 (27... Qe8 $16) 28. Nf5 $2 (28. Qxd6 $18 {has better winning chances.} Re8 29. Nf5 (29. Bxb7 Bxh6 30. Bxh6 Qxh6 $16)) 28... Qf6 29. Nxd6 {[%emt 0:00:08][%mdl 64] Discovered Attack} ({Much weaker is} 29. Qxd6 $6 Rd8 30. Qe7 (30. Qxb6 Bxg2 31. Kxg2 Qg6+ 32. Kh1 Rf8 $17) 30... Bxg2 31. Qxf6 Bxf6 $11) 29... Qg6 30. Nxb7 Rxb7 {[%emt 0:00:01] [#]} 31. Kh1 ({White should try} 31. Qd6 $1 $16) 31... Rb8 $1 $14 32. Qd6 $36 {[%emt 0:00:05][%csl LRb6,LRb8][%mdl 2048] White is more active.} Rg8 {[%emt 0:00:13][%cal Og6g2] And now ...Qxg2+! would win.} 33. Rg1 (33. Qxb6 {keeps more tension.} Be5 34. Qc6 Qg3 35. Bg1) 33... Nc5 34. Qxg6 hxg6 35. b4 Nd3 36. Be4 Re8 37. Rg4 Ne5 $2 (37... g5 $1 $14) 38. Rh4+ $18 Kg8 {[%emt 0:00:01] [#]} 39. Bd5+ $1 {[%emt 0:00:01] This bishop pair is nice.} ({Resist} 39. Bxb6 Bf6 40. Bd5+ Kg7) 39... Kf8 40. Bxb6 {[%emt 0:00:02] Black must now prevent Bc5+.} Bf6 $2 (40... Nd7) 41. Rh7 {[%emt 0:00:02] Strongly threatening Bc5+.} Re7 42. Bc5 {[%emt 0:00:02] Weighted Error Value: White=0.24 (precise) /Black=0.36} 1-0

[Event "Superbet Blitz Poland 2022"]
[Site "Warsaw"]
[Date "2022.05.23"]
[Round "15.1"]
[White "Duda, Jan-Krzysztof"]
[Black "Aronian, Levon"]
[Result "1/2-1/2"]
[ECO "A13"]
[WhiteElo "2750"]
[BlackElo "2765"]
[Annotator "TA"]
[PlyCount "108"]
[EventDate "2022.05.22"]
[EventType "tourn"]
[EventCountry "POL"]
[SourceTitle "playchess.com"]
[Source "ChessBase"]
[SourceQuality "1"]
[TimeControl "300+2"]

1. c4 Nf6 2. Nf3 e6 3. g3 d5 4. b3 d4 5. Bg2 Nc6 6. O-O {[%emt 0:00:14] A13: English Opening: 1...e6.} a5 7. e3 e5 8. d3 (8. exd4 $14 exd4 9. Na3 (9. Ng5 Be7 $11)) 8... Bc5 9. Ba3 (9. exd4 $142 $1 Nxd4 10. Ba3 Nxf3+ 11. Qxf3 Bxa3 12. Nxa3) 9... Qd6 10. Bxc5 Qxc5 11. exd4 Nxd4 {[%emt 0:00:01] [#]} 12. Nbd2 $146 ({Predecessor:} 12. Nxe5 O-O 13. Nf3 Bg4 14. Nbd2 Qh5 15. Re1 Rfe8 16. Re3 Rad8 17. Rc1 Qc5 18. Qe1 Nxf3+ 19. Bxf3 Bxf3 20. Nxf3 Rxe3 21. Qxe3 Qxe3 22. fxe3 Rxd3 {0-1 (35) Wieczorek,O (2497)-Paravyan,D (2605) Chess.com INT 2019}) 12... O-O 13. Nxd4 Qxd4 14. Nf3 Qd6 15. d4 exd4 16. Qxd4 Qxd4 17. Nxd4 c6 18. Rfe1 Rd8 19. Rad1 {[%emt 0:00:08][%cal Od4c6] aiming for Nxc6!} Bg4 20. f3 Bd7 21. Bf1 Kf8 22. Kf2 c5 23. Ne2 a4 24. Nc3 axb3 25. axb3 Bc6 26. Rxd8+ Rxd8 27. Ra1 Rd2+ 28. Be2 $1 Rb2 29. Rb1 Rc2 30. Nd1 g6 31. Rb2 Rc1 32. b4 cxb4 33. Rxb4 Nd7 34. Ne3 Ke7 35. Rb2 Nc5 36. h4 h5 37. Rd2 Ra1 38. Kg2 Nb3 39. Rb2 Nd4 40. Nc2 Nxc2 41. Rxc2 $11 {[%emt 0:00:01][%mdl 4096] Endgame KRB-KRB} Kd6 42. Kf2 Kc5 43. g4 (43. Rc3 $11) 43... Rh1 ({Better is} 43... hxg4 $15 44. fxg4 Ra3) 44. gxh5 {[%emt 0:00:03] The position is equal.} Rxh4 45. hxg6 fxg6 46. Rc3 g5 47. Re3 Kd6 48. Kg3 Rd4 49. Bf1 Bd7 50. Be2 b6 51. Rb3 Kc5 52. Re3 Kd6 53. Rb3 Kc5 54. Re3 Kd6 {[%emt 0:00:01] Weighted Error Value: White=0.06 (flawless) /Black=0.05 (flawless)} 1/2-1/2

[Event "Superbet Blitz Poland 2022"]
[Site "Warsaw"]
[Date "2022.05.23"]
[Round "15.2"]
[White "Wojtaszek, Radoslaw"]
[Black "Korobov, Anton"]
[Result "0-1"]
[ECO "E17"]
[WhiteElo "2696"]
[BlackElo "2671"]
[Annotator "TA"]
[PlyCount "110"]
[EventDate "2022.05.22"]
[EventType "tourn"]
[EventCountry "POL"]
[SourceTitle "playchess.com"]
[Source "ChessBase"]
[SourceQuality "1"]
[TimeControl "300+2"]

1. d4 Nf6 2. c4 e6 3. Nf3 b6 4. g3 Bb7 5. Bg2 Be7 6. O-O O-O 7. Re1 Na6 8. a3 {[%emt 0:00:08] E17: Queen's Indian: 4 g3 Bb7 5 Bg2 Be7.} d5 9. cxd5 exd5 10. Nc3 {[%emt 0:00:03] The position is equal.} c5 11. Bf4 Nc7 {[%emt 0:00:16] [#]} 12. a4 $146 ({Predecessor:} 12. e3 Ne6 13. Be5 Qd7 14. Qc2 Rad8 15. Red1 Rfe8 16. b4 Ng4 17. bxc5 bxc5 18. Rab1 {½-½ (30) Benz,G (2513)-Hacker,C (2513) ICCF email 2020}) 12... Ne6 13. Be5 Ng4 14. e3 Nxe5 15. Nxe5 cxd4 16. exd4 Bf6 17. Qd3 a6 18. Rad1 Qd6 19. Qf5 Rae8 20. f4 b5 21. axb5 axb5 22. Kh1 b4 23. Ne2 Bd8 24. Ng1 (24. Qd3 $11) 24... g6 (24... Bb6 $1 $15) 25. Qd3 $11 f6 26. Ng4 Ng7 {[%emt 0:00:02] Prevents f5.} (26... Kg7 {keeps more tension.} 27. Ne2 Nc7 28. Ne3 Ba6) 27. Ne3 (27. Qb5 $14 Bb6 28. Nh6+ Kh8 29. Rxe8 Nxe8 30. Qxe8) 27... Re4 $2 28. Bxe4 $18 dxe4 29. Qb5 Ba6 30. Qd5+ (30. Qc5 $1 $18 Qxc5 31. dxc5) 30... Qxd5 $16 31. Nxd5 b3 (31... Bb7 $16 32. Ne3 (32. Nxb4 Ba5 $17) 32... Nf5) 32. Ne2 ({Not} 32. Rxe4 $2 Bb7 33. Ne7+ (33. Nc3 $2 f5 $19) 33... Bxe7 $19) 32... f5 (32... Bb7 $142) 33. Ra1 $18 Bc4 34. Nec3 Ne6 35. Ne3 $2 (35. Ra4 $1 $18 Bxd5 36. Nxd5) 35... Bd3 $14 36. d5 (36. Ra4 $14) 36... Nd4 $11 37. d6 $1 Rf6 (37... Nc2 $11) 38. d7 $18 Rd6 {[%emt 0:00:01] [#]} 39. Ra8 $1 (39. Ra7 Nc2 40. Ra8 (40. Nxc2 bxc2 41. Kg2 Bc4 $17) 40... Nxe1 $15) 39... Rxd7 {[%emt 0:00:02] [#]} 40. Ncd5 (40. Na4 $1 $16 {[%cal Ra4c5] Black must now prevent Nc5.} Ne6 41. Nb6) 40... Kf7 $1 $14 {[%emt 0:00:08] ...Nc2 is the strong threat.} 41. Rea1 Ke6 42. Kg1 (42. R1a3 $14) 42... Nc2 $11 43. R1a5 Nxe3 $19 {[%emt 0:00:09] Active counter play!} 44. Nxe3 Bb6 ({Worse is} 44... Bxa5 45. Rxa5 Be2 46. Re5+ Kf7 47. Rd5 $19) 45. Re5+ Kf7 46. Kf2 Bc4 $2 {[%emt 0:00:05] A strong pair of Bishops.} (46... Rc7 $19 {( -> ...Rc2+)} 47. g4 Rc2+ 48. Kg3 Bxe3) 47. Rh8 $2 (47. Ra4 $11 Rd2+ 48. Ke1 Re2+ 49. Kd1 Bxe3 50. Rxc4 Rd2+ 51. Ke1) 47... Rd2+ {[%emt 0:00:03][%mdl 64] Skewer, Double Attack} 48. Ke1 Bxe3 49. Rxh7+ Kf6 50. Re8 Rxb2 {[%emt 0:00:09][%cal Rb2b1] Black mates.} 51. Rf8+ Ke6 52. Re8+ Kd6 53. Rd8+ Kc5 54. Rc7+ Kb4 55. Rb8+ Kc3 {[%emt 0:00:01] Weighted Error Value: White=0.74/Black=0.31} 0-1

[Event "Superbet Blitz Poland 2022"]
[Site "Warsaw"]
[Date "2022.05.23"]
[Round "15.3"]
[White "Rapport, Richard"]
[Black "Gavrilescu, David"]
[Result "1-0"]
[ECO "A06"]
[WhiteElo "2776"]
[BlackElo "2518"]
[Annotator "TA"]
[PlyCount "57"]
[EventDate "2022.05.22"]
[EventType "tourn"]
[EventCountry "POL"]
[SourceTitle "playchess.com"]
[Source "ChessBase"]
[SourceQuality "1"]
[TimeControl "300+2"]

1. Nc3 d5 2. e3 Nf6 3. Nf3 c5 4. Bb5+ Bd7 5. Qe2 Nc6 6. O-O {[%emt 0:00:04] A06: Réti Opening: 1 Nf3 d5.} g6 7. Bxc6 Bxc6 8. Ne5 {[%emt 0:00:02] The position is equal.} Qc7 9. Nxc6 Qxc6 10. d3 Bg7 11. e4 {[%emt 0:00:02] [#]} dxe4 $146 ({Predecessor:} 11... d4 12. Nb1 e5 13. Nd2 b5 14. a4 bxa4 15. Nc4 Nd7 16. f4 f6 17. fxe5 Nxe5 18. Nxe5 fxe5 {1-0 (35) Popel,S-Marchand,E Rochester 1958}) 12. dxe4 O-O 13. Bg5 Rfd8 14. Rad1 a6 (14... h6 $11 15. Bh4 Rd4) 15. a4 (15. e5 $16) 15... Rd4 $11 16. e5 Nd5 (16... Rg4 $2 17. f4 Rxg5 18. exf6 $18) 17. Nxd5 Qxd5 18. c3 Rxd1 19. Rxd1 Qxe5 ({Better is} 19... Qe6 $11) 20. Qxe5 $14 Bxe5 21. Bxe7 $11 {[%emt 0:00:04][%mdl 4096] Endgame KRB-KRB} b5 22. axb5 axb5 23. Bxc5 h5 24. g3 Ra2 25. Rb1 g5 26. Kf1 Kh7 27. Ke1 Kg6 28. Kd2 {[%emt 0:00:06] Hoping for Ba3.} Kf5 $2 {[%emt 0:00:02][%mdl 8192] [#]} (28... Ra4 $14) 29. Ba3 $1 {[%emt 0:00:05] Weighted Error Value: White=0.15 (very precise) /Black=0.51} 1-0

[Event "Superbet Blitz Poland 2022"]
[Site "Warsaw"]
[Date "2022.05.23"]
[Round "15.4"]
[White "Caruana, Fabiano"]
[Black "Shevchenko, Kirill"]
[Result "0-1"]
[ECO "D12"]
[WhiteElo "2786"]
[BlackElo "2644"]
[Annotator "TA"]
[PlyCount "118"]
[EventDate "2022.05.22"]
[EventType "tourn"]
[EventCountry "POL"]
[SourceTitle "playchess.com"]
[Source "ChessBase"]
[SourceQuality "1"]
[TimeControl "300+2"]

1. d4 Nf6 2. c4 c6 3. Nf3 d5 4. e3 Bf5 5. Nc3 e6 6. Nh4 Bg6 7. Be2 {[%emt 0:00:02] D12: Slav Defence: 3 Nf3 Nf6 4 e3 Bf5.} Nbd7 8. O-O Bd6 9. g3 {[%emt 0:00:01] White has an edge.} O-O 10. Nxg6 hxg6 11. Qb3 Rb8 12. Bd2 Qe7 13. Rad1 {[%emt 0:00:23] [#]} Rfe8 $5 $146 {[%emt 0:00:28][%mdl 8] New and interesting.} ({Predecessor:} 13... a6 14. Bc1 dxc4 15. Qxc4 c5 {½-½ (15) Popov,V (2585)-Predojevic,B (2639) Rijeka 2010}) 14. Qc2 a6 15. c5 Bc7 16. f4 Ba5 17. Nb1 Bc7 18. Bd3 {[%emt 0:00:02] Prevents Ne4.} Ng4 19. b4 f5 20. a4 Kf7 (20... g5 $11) 21. h3 Ngf6 22. b5 axb5 23. axb5 Rh8 24. Kg2 (24. b6 Bd8) 24... Ne4 25. Bxe4 fxe4 (25... dxe4 $14 26. b6 Bd8) 26. b6 (26. bxc6 $16 bxc6 27. Qa4) 26... Bd8 $11 27. Nc3 Nf6 (27... Kg8 $11) 28. Ra1 $36 {[%emt 0:00:05][%mdl 2048] White is in control.} Qd7 29. g4 Be7 {[%emt 0:00:06][%cal Oe6e5] [#]} 30. Be1 $1 Rh7 31. Bg3 Rbh8 32. Rh1 Ng8 (32... Qc8 $142 33. Qe2 Qd8) 33. Qf2 Nf6 34. Qe2 Rf8 35. Nb1 Kg8 $2 (35... Rhh8 $16 36. Ra7 Nh7) 36. Nd2 $18 Ne8 (36... Qc8 $142 37. Nb3 Kf7) 37. g5 e5 38. Qg4 Qf5 39. Qxf5 gxf5 40. dxe5 ({White should try} 40. Ra7 $18) 40... Bxc5 $11 41. Bf2 {[%emt 0:00:03] aiming for Rhc1.} g6 42. Rhb1 (42. Rhc1 $1 $11 {keeps the balance.} Bxb6 43. Rab1) 42... Ng7 $17 43. Nb3 {[%emt 0:00:09] [#]} Bxb6 (43... Ne6 $1 $17) 44. Nd2 Bc5 45. Rxb7 Ne6 {[%emt 0:00:01] Prevents Rc7.} 46. Rxh7 Kxh7 47. Ra6 d4 48. exd4 Nxf4+ 49. Kh2 (49. Kf1 $1 $11 {is superior.} Bb4 50. Be3 Nxh3 51. Ra7+ Kh8 52. Ke2 (52. Kg2 $2 f4 $19)) 49... Bb4 50. Nf1 (50. Nc4 $1 $11 {was the only way to keep the balance.}) 50... Nd3 {[%emt 0:00:01] Black is more active.} 51. Bh4 (51. Bg1 $1 $15) 51... f4 $19 52. Rxc6 e3 {[%emt 0:00:01] White must now prevent ...e2.} 53. Nxe3 (53. Rc2) 53... fxe3 54. e6 e2 55. Rc7+ Kg8 {[%emt 0:00:01] ( -> ...Nf2)} 56. Rd7 Be1 {[%emt 0:00:07] Black mates.} 57. Bxe1 Nxe1 58. e7 Nf3+ 59. Kg2 Re8 {[%emt 0:00:05] Black used his chance.  Weighted Error Value: White=0.62/Black=0.31} 0-1

[Event "Superbet Blitz Poland 2022"]
[Site "Warsaw"]
[Date "2022.05.23"]
[Round "15.5"]
[White "So, Wesley"]
[Black "Anand, Viswanathan"]
[Result "1/2-1/2"]
[ECO "E04"]
[WhiteElo "2766"]
[BlackElo "2751"]
[Annotator "TA"]
[PlyCount "51"]
[EventDate "2022.05.22"]
[EventType "tourn"]
[EventCountry "POL"]
[SourceTitle "playchess.com"]
[Source "ChessBase"]
[SourceQuality "1"]
[TimeControl "300+2"]

1. d4 Nf6 2. c4 e6 3. Nf3 d5 4. g3 dxc4 5. Bg2 c5 6. O-O Nc6 7. dxc5 Qxd1 8. Rxd1 Bxc5 9. Nbd2 c3 10. bxc3 O-O 11. Nb3 Be7 12. c4 Bd7 13. Bb2 {[%emt 0:00:01] E04: Open Catalan: 5 Nf3.} Rfc8 14. Rac1 {[%emt 0:00:23] [#] Hoping for Bxf6.} Be8 15. Nfd4 a5 16. Nxc6 Bxc6 {[%emt 0:00:04] [#]} 17. Bxc6 $146 ({Predecessor:} 17. Nd4 Bxg2 18. Kxg2 Rd8 19. Nb5 Rxd1 20. Rxd1 Rc8 21. Ba3 Bxa3 22. Nxa3 Ne4 23. Rb1 {½-½ (32) Howell,D (2646)-Fridman,D (2626) Warsaw 2021}) 17... Rxc6 18. Nd4 Rcc8 19. Nb5 a4 20. Bxf6 Bxf6 {[%emt 0:00:06] The position is equal.} 21. Rd7 b6 22. Rb7 Rab8 23. Ra7 Ra8 24. Rb7 Rab8 25. Ra7 Ra8 26. Rb7 {Not much happened in this game.  Weighted Error Value: White=0.04 (flawless) /Black=0.05 (flawless)} 1/2-1/2